 Dungeon Crawl Stone Soup version 0.29.1-14-g9c671dbff4 (webtiles) character file.

Game seed: 12973847398185805473

5 Heoruswealwe the Covered (level 1, -4/18 HPs)
             Began as a Demigod Fighter on Feb 20, 2023.
             Frozen to death by an endoplasm (5 damage)
             ... on level 1 of the Dungeon.
             The game lasted 00:00:42 (54 turns).

Heoruswealwe the Covered (Demigod Fighter)            Turns: 54, Time: 00:00:42

Health: -4/18      AC:  6    Str: 17    XL:     1   Next: 53%
Magic:  3/3        EV:  9    Int: 10    God:
Gold:   0          SH:  4    Dex: 13    Spells: 0/0 levels left

rFire   . . .      SeeInvis .   a - +0 war axe
rCold   . . .      Faith    .   c - +0 buckler
rNeg    . . .      Spirit   .   b - +0 scale mail
rPois   .          Reflect  .   (no helmet)
rElec   .          Harm     .   (no cloak)
rCorr   .          Rampage  .   (no gloves)
Will    .....                   (no boots)
Stlth   ..........              (no amulet)
HPRegen 0.06/turn               (no ring)
MPRegen 0.08/turn               (no ring)

@: no status effects
A: high MP 1, forlorn, divine attributes
a: no special abilities


You were on level 1 of the Dungeon.
You visited 1 branch of the dungeon, and saw 1 of its levels.

Inventory:

Hand Weapons
 a - a +0 war axe (weapon)
Armour
 b - a +0 scale mail (worn)
 c - a +0 buckler (worn)
 e - a +0 ring mail
Scrolls
 f - a scroll of identify {unknown}
Potions
 d - a potion of might


   Skills:
 + Level 2.8 Fighting
 + Level 1.9 Axes
 + Level 2.8 Armour
 + Level 2.8 Shields


You couldn't memorise any spells.
You didn't know any spells.
Your spell library was empty.

Dungeon Overview and Level Annotations

Branches:
Dungeon (1/15)


Innate Abilities, Weirdness & Mutations

You have an increased reservoir of magic. (+10% MP)
You shall have no god before yourself.
Your divine heritage dramatically boosts your attributes as you level up.


Message History

The ball python barely misses you. The ball python grabs you.
The ball python constricts you. The ball python closely misses you.
The ball python constricts you.
You barely miss the ball python. The ball python bites you.
The ball python constricts you.
You slash the ball python!
You kill the ball python!
The jackal barely misses you.
You miss the jackal. The jackal bites you.
The jackal bites you but does no damage.
The jackal barely misses you. The jackal bites you.
You closely miss the jackal. You hit the jackal but do no damage.
You block the jackal's attack.
The jackal bites you but does no damage.
The jackal barely misses you. x2
You closely miss the jackal. You miss the jackal.
The jackal bites you but does no damage. x2
The jackal bites you. You block the jackal's attack.
You hit the jackal.
The jackal is lightly wounded.
You hit the jackal but do no damage. The jackal bites you.
The jackal bites you but does no damage.
The jackal closely misses you. The jackal bites you.
* * * LOW HITPOINT WARNING * * *
You hit the jackal.
You kill the jackal!
You hit the jackal. The jackal closely misses you. x2
You hit the jackal but do no damage.
The jackal is moderately wounded.
You block the jackal's attack. The jackal bites you.
* * * LOW HITPOINT WARNING * * *
You slash the jackal!
You kill the jackal!
The endoplasm freezes you.
You are frozen.
* * * LOW HITPOINT WARNING * * *
You hit the endoplasm but do no damage. The endoplasm freezes you.
You are frozen.
You die...

.####h ### ..
...... ..# .
#...))# #.#.#
.....h?##.#.
........#.#
........#(#
........#.#
........J@#
........###
........#
......#.#
#.....#.#
..#####.# #
#.....# ###
#.#####..
######.###.#.....#


You could see an endoplasm.

Vanquished Creatures
  A ball python (D:1)
  A giant cockroach (D:1)
  2 jackals (D:1)
4 creatures vanquished.

Notes
Turn   | Place    | Note
-------+----------+-------------------------------------------
     0 | D:1      | Heoruswealwe the Demigod Fighter began the quest for the
                  | Orb.
     0 | D:1      | Reached XP level 1. HP: 18/18 MP: 3/3
    54 | D:1      | Frozen to death by an endoplasm

Illustrated notes

Levels and vault maps discovered:
D:1:      saegor_arrival_simple_a, layout_rooms,
          hellmonk_ecumenical_altar_leap_of_faith, serial_co_window_serial,
          co_window_corner_a, co_window_corner_a, co_window_of_opportunity_a,
          co_window_paths_a, co_window_paths_a, co_window_corner_ca,
          co_window_broadway_b, co_window_corner_b, co_window_4corner_a,
          co_window_sun, glass_columns_c, glass_columns_a, minmay_tetromino_i4

Action                   || total
-------------------------++-------
Melee: War axe           ||    12
Armor: Scale mail        ||     5
Dodge: Dodged            ||     9
Block: Buckler           ||     3
